AoeStats
← Cinnamoroll

Hill Fort

506263497Analyzed
4v4 RM · 19d ago on Sep 12, 2026· 36m 55s· 8 players
Game mode
Random Map
Map size
Large (8 player)
Population
200
Speed
Normal
Resources
Standard
Victory
Conquest
Starting age
Dark Age
Ending age
Imperial Age
RankedLock teamsTeams togetherTeam positionsShared explorationLock speedFull tech treeHidden civsTurbo modeCheats
Victory
Defeat
🇨🇦 Spanish · Canada
1567
+14
🇺🇸 Cumans · United States
1561
+14
🇨🇴 Chinese · Colombia
1537
+15
🇩🇪 Khmer · Germany
1536
+15
🇦🇷 Jurchens · Argentina
1672
-20
🇦🇷 Hindustanis · Argentina
1578
-16
🇺🇸 Persians · United States
1529
-15
🇺🇾 Vietnamese · Uruguay
1311
-7
ShiftyShnike
8:34 Feudal Age
9:25 Double-Bit Axe
11:20 Loom
13:23 Horse Collar
18:46 Wheelbarrow
21:32 Castle Age
20:07 Scale Barding Armor
20:13 Forging
20:37 Bloodlines
21:11 Gold Mining
22:36 Chain Barding Armor
22:47 Hand Cart
29:46 Town Watch
38:23 Imperial Age
Cinnamoroll
12:38 Feudal Age
16:05 Castle Age
13:58 Horse Collar
14:26 Double-Bit Axe
17:02 Bloodlines
17:24 Scale Barding Armor
17:31 Loom
19:22 Chain Barding Armor
20:15 Sanctity
22:00 Bow Saw
22:46 Fervor
22:59 Heavy Plow
23:27 Husbandry
25:06 Gold Mining
27:09 Redemption
27:12 Town Watch
32:34 Wheelbarrow
34:26 Inquisition
38:07 Imperial Age
35:33 Fletching
37:21 Forging
37:11 Scale Mail Armor
37:15 Stone Mining
Kempinho
10:28 Feudal Age
11:02 Loom
14:13 Castle Age
12:35 Horse Collar
13:28 Double-Bit Axe
15:28 Bow Saw
20:30 Wheelbarrow
21:34 Heavy Plow
22:03 Gold Mining
22:03 Stone Mining
22:58 Hand Cart
22:51 Stone Mining
28:00 Imperial Age
26:13 Stone Shaft Mining
26:14 Gold Shaft Mining
26:25 Scale Barding Armor
27:11 Masonry
27:26 Chain Barding Armor
27:17 Bloodlines
27:08 Husbandry
27:34 Town Watch
28:12 Ballistics
28:10 Elite Ballista Elephant
29:27 Plate Barding Armor
30:00 Chemistry
29:56 Plate Barding Armor
29:47 Double Crossbow
30:37 Siege Engineers
31:03 Fletching
31:49 Bodkin Arrow
VZ | Nescar
0:27 Loom
9:53 Feudal Age
10:45 Town Watch
12:56 Town Watch
15:40 Castle Age
14:22 Double-Bit Axe
15:32 Horse Collar
17:02 Bow Saw
17:31 Fletching
19:38 Wheelbarrow
19:11 Gold Mining
21:39 Bodkin Arrow
22:16 Padded Archer Armor
23:06 Wheelbarrow
26:00 Leather Archer Armor
26:53 Town Watch
27:23 Hand Cart
34:53 Imperial Age
33:56 Stone Mining
34:42 Gold Shaft Mining
35:01 Elite Chu Ko Nu
37:47 Chemistry
37:36 Ballistics
AML4554
10:36 Feudal Age
15:06 Loom
17:47 Castle Age
16:19 Double-Bit Axe
16:16 Horse Collar
17:07 Scale Barding Armor
17:44 Bloodlines
19:29 Bow Saw
21:22 Forging
21:39 Heavy Plow
22:10 Husbandry
22:51 Chain Barding Armor
24:06 Wheelbarrow
27:05 Hand Cart
28:22 Light Cavalry
32:14 Iron Casting
peke
8:45 Feudal Age
9:29 Double-Bit Axe
9:39 Horse Collar
12:31 Town Watch
16:14 Wheelbarrow
18:49 Castle Age
17:44 Gold Mining
20:45 Bow Saw
20:36 Heavy Plow
20:43 Loom
22:35 Gold Shaft Mining
21:56 Stone Mining
22:12 Husbandry
23:02 Hand Cart
23:09 Light Cavalry
25:50 Stone Shaft Mining
31:48 Imperial Age
29:43 Bloodlines
30:09 Scale Barding Armor
30:15 Forging
31:28 Chain Barding Armor
32:37 Iron Casting
31:59 Heavy Camel Rider
34:04 Plate Barding Armor
Chelo09
10:40 Feudal Age
18:08 Castle Age
16:04 Loom
16:44 Double-Bit Axe
16:47 Horse Collar
23:29 Gold Mining
24:30 Fletching
27:44 Bodkin Arrow
27:49 Padded Archer Armor
29:46 Wheelbarrow
29:31 Leather Archer Armor
29:36 Bow Saw
36:01 Imperial Age
33:52 Hand Cart
SCV
10:31 Feudal Age
14:13 Castle Age
12:04 Loom
12:42 Double-Bit Axe
12:44 Horse Collar
13:57 Fletching
19:15 Bodkin Arrow
23:15 Bow Saw
26:44 Wheelbarrow
27:34 Bloodlines
27:25 Husbandry
34:35 Heavy Plow
34:24 Light Cavalry
36:44 Forging
Connection lost

Rejoining the realm…

Still unreachable

The connection could not be restored.

Session expired

The server has moved on; the page needs a fresh start.